 Dungeon Crawl Stone Soup version 0.23-a0-619-g281719c (webtiles) character file.

1324 zishaf the Covert (level 8, -11/36 HPs)
             Began as a Spriggan Enchanter on Dec 23, 2018.
             Killed by divine providence
             ... invoked by an orc priest
              (15 damage)
             ... on level 5 of the Dungeon.
             The game lasted 00:10:57 (6393 turns).

zishaf the Covert (Spriggan Enchanter)              Turns: 6393, Time: 00:10:57

Health: -11/36     AC:  2    Str:  4    XL:     8   Next: 33%
Magic:  10/13      EV: 23    Int: 19    God:
Gold:   223        SH:  0    Dex: 16    Spells: 2/13 levels left

rFire    . . .     SeeInvis +   a - +1 dagger
rCold    . . .     Gourm    .   (shield restricted)
rNeg     . . .     Faith    .   b - +0 robe
rPois    .         Spirit   .   (helmet restricted)
rElec    .         Reflect  .   (no cloak)
rCorr    .         Harm     .   (gloves unavailable)
MR       +....                  (boots unavailable)
Stlth    ++++......             s - amulet of magic regeneration
HPRegen  0.12/turn              (no ring)
MPRegen  0.38/turn              (no ring)

@: starving, very quick
A: very small, unfitting armour, see invisible, herbivore, speed 3, slow
metabolism 2
a: no special abilities


You were on level 5 of the Dungeon.
You were starving.

You visited 1 branch of the dungeon, and saw 5 of its levels.

You collected 223 gold pieces.

Inventory:

Hand Weapons
 a - a +1 dagger (weapon)
Missiles
 c - 153 stones (quivered)
Armour
 b - a +0 robe (worn)
Jewellery
 s - an amulet of magic regeneration (around neck)
Wands
 r - a wand of flame (15)
Scrolls
 f - 2 scrolls of noise {unknown}
 g - 6 scrolls of identify {unknown}
 j - a scroll of enchant weapon {unknown}
 k - 4 scrolls of remove curse {unknown}
 l - 4 scrolls of random uselessness {unknown}
 n - 2 scrolls of teleportation {unknown}
 p - a scroll of magic mapping {unknown}
 t - a scroll of fear {unknown}
Potions
 e - a potion of degeneration {unknown}
 h - 4 potions of heal wounds {unknown}
 i - a potion of ambrosia {unknown}
 m - a potion of magic {unknown}
 o - a potion of mutation {unknown}
 q - 3 potions of haste {unknown}
 u - a potion of agility {unknown}
Comestibles
 d - 7 rations


   Skills:
 + Level 5.1 Short Blades
 + Level 7.3 Dodging
 + Level 8.5 Stealth
 - Level 3.0 Spellcasting
 + Level 6.7 Hexes
 + Level 2.1 Transmutations
 - Level 2.3 Ice Magic


You had 2 spell levels left.
You knew the following spells:

 Your Spells              Type           Power        Failure   Level  Hunger
a - Corona                Hex            ####...      1%          1    None
b - Ensorcelled Hibernat  Hex/Ice        ###...       3%          2    ##.....
c - Confuse               Hex            ####....     3%          3    ###....
d - Yara's Violent Unrav  Hex/Tmut       ###.......   56%         5    ######.

Your spell library contained the following spells:

 Spells                   Type           Power        Failure   Level  Hunger
 Confusing Touch          Hex            ####..       1%          1    None
 Tukima's Dance           Hex            ####....     3%          3    ###....
 Dazzling Spray           Conj/Hex       ###...       12%         3    ###....
 Gell's Gravitas          Tloc           #.........   41%         3    ###....
 Metabolic Englaciation   Hex/Ice        ###.......   54%         5    ######.
 Petrify                  Tmut/Erth      #.......     67%         4    ####...


Dungeon Overview and Level Annotations

Branches:
Dungeon (5/15)
 Temple: D:4-7

Altars:
Cheibriados
Elyvilon
Qazlal
Wu Jian
Yredelemnul
The Shining One

Annotations:
D:3 2 transporters
D:5 Grinder


Innate Abilities, Weirdness & Mutations

You are very small and have problems with some larger weapons.
You are too small for most types of armour.
You have supernaturally acute eyesight. (SInv)
You are a herbivore.
You cover ground extremely quickly.
You need to consume almost no food.


Message History

You hit Grinder but do no damage.
Grinder is lightly wounded.
The orc completely misses you.
You hit Grinder but do no damage.
Grinder is lightly wounded.
Grinder hits you!
* * * LOW HITPOINT WARNING * * *
You writhe in agony.
* * * LOW HITPOINT WARNING * * *
The orc completely misses you.
You hit Grinder but do no damage.
Grinder is lightly wounded.
An orc comes into view. It is wielding a +0 dagger.
The orc wizard gestures at you while chanting.
The magic dart hits you!
* * * LOW HITPOINT WARNING * * *
Grinder seems less confused.
Grinder blinks!
The orc priest calls down the wrath of Beogh upon you.
Beogh smites you!
You die...

#..##.#.##.##.≈≈≈≈#.....
#.##..#.###.P..≈≈≈......
#.#.###.##....P≈≈≈#....(
##=####.#.##..≈≈.###....
#.##.##.#P...P≈≈≈≈#.....
#.#.#.#.#..P.≈≈≈≈≈......
#..##.#.#..##P≈≈≈≈#.....
.####.##.###....≈≈###....
..##_###@#≈###..P≈≈#.....
...#####.#..≈###..≈≈.....
.........#P...≈###.≈.....
##...##.o##..P≈≈≈##≈≈....
........o##.P.≈≈≈≈#####'#
#####..†o#...≈≈≈≈≈≈≈##..#
#....#§.#P.≈≈≈≈≈≈≈###''#
...####.o#.PP≈≈######....
## #5.#....≈≈≈≈# #....


You could see an orc priest, an orc wizard and 2 orcs.

Vanquished Creatures
  Pikel (D:4)
  Sigmund (D:2)
  An ice beast (D:5)
  A black bear (D:5)
  A howler monkey (D:4)
  A crimson imp (D:5)
  2 orc priests
  A centaur skeleton (D:5)
  Jessica (D:2)
  Natasha (thrice) (D:2)
  A worker ant (D:4)
  3 gnolls (D:4)
  7 adders
  An ooze (D:2)
  4 worms
  11 dart slugs
  A leopard gecko (D:1)
  16 orcs
  7 giant cockroaches
  5 goblins
  10 hobgoblins
  A quokka (D:3)
  A ball python (D:2)
  A ball python skeleton (D:4)
  8 bats
  A jackal skeleton (D:4)
  4 kobolds
  5 rats
100 creatures vanquished.

Notes
Turn   | Place    | Note
-------+----------+-------------------------------------------
     0 | D:1      | zishaf the Spriggan Enchanter began the quest for the Orb.
     0 | D:1      | Reached XP level 1. HP: 9/9 MP: 5/5
   253 | D:1      | Reached XP level 2. HP: 8/13 MP: 6/6
   414 | D:1      | Learned a level 2 spell: Ensorcelled Hibernation
  1359 | D:2      | Reached XP level 3. HP: 16/16 MP: 8/8
  1378 | D:2      | Reached skill level 5 in Stealth
  1543 | D:2      | Noticed Jessica
  1555 | D:2      | Killed Jessica
  1555 | D:2      | Reached skill level 1 in Ice Magic
  1644 | D:2      | Noticed Sigmund
  2293 | D:2      | Reached XP level 4. HP: 21/21 MP: 9/9
  2306 | D:2      | Found a white marble altar of Elyvilon.
  2522 | D:2      | Killed Sigmund
  2522 | D:2      | Reached XP level 5. HP: 23/24 MP: 7/10
  2728 | D:2      | Noticed Natasha
  2735 | D:2      | Killed Natasha
  2735 | D:2      | Reached XP level 6. HP: 28/28 MP: 11/11
  2766 | D:2      | Noticed Natasha
  2778 | D:2      | Killed Natasha
  2778 | D:2      | Reached skill level 6 in Stealth
  2906 | D:2      | Noticed Natasha
  3110 | D:1      | Learned a level 3 spell: Confuse
  3210 | D:2      | Killed Natasha
  3470 | D:3      | Found a glowing golden altar of the Shining One.
  3520 | D:3      | Found a transporter.
  3530 | D:3      | Found a transporter.
  3536 | D:3      | Found a stormy altar of Qazlal.
  3637 | D:3      | Reached skill level 5 in Dodging
  3651 | D:3      | Reached skill level 5 in Hexes
  4115 | D:3      | Found a basalt altar of Yredelemnul.
  4332 | D:3      | Found a snail-covered altar of Cheibriados.
  5129 | D:4      | Noticed a slave
  5130 | D:4      | Noticed Pikel
  5130 | D:4      | Noticed a slave
  5131 | D:4      | Noticed a slave
  5177 | D:4      | Noticed a slave
  5285 | D:4      | Killed Pikel
  5285 | D:4      | Reached skill level 8 in Stealth
  5285 | D:4      | Reached XP level 7. HP: 31/32 MP: 9/12
  5360 | D:4      | Learned a level 5 spell: Yara's Violent Unravelling
  5417 | D:4      | Reached XP level 8. HP: 36/36 MP: 7/13
  5447 | D:4      | HP: 1/36 [gnoll/+0 halberd (6)]
  6007 | D:5      | Entered Level 5 of the Dungeon
  6054 | D:5      | Found an ornate altar of the Wu Jian Council.
  6100 | D:5      | Reached skill level 1 in Transmutations
  6233 | D:5      | Reached skill level 5 in Short Blades
  6364 | D:5      | Noticed Grinder
  6393 | D:5      | Killed from afar by an orc priest

Vault maps used:
D:1:      tarquinn_simple_flora_water_c
D:2:      elyvilon_altar_5, uniq_natasha, uniq_sigmund, uniq_jessica
D:3:      kennysheep_slugbush, cheibriados_altar_1,
          nicolae_overflow_hidden_temple, gammafunk_temple_overflow_arena,
          yredelemnul_altar_generic, first_ration, minmay_misc_feat_rugged
D:4:      uniq_pikel
D:5:      wad_lake_hut, nicolae_ru_great_annihilating_truth, marbit_many_paths,
          nemelex_xobeh_ov_fountains_minmay, hangedman_decor_slide_cut,
          uniq_grinder

Skill      XL: |  1  2  3  4  5  6  7  8 |
---------------+-------------------------+-----
Spellcasting   | 3 |  3.0
Stealth        | 5 8 |  8.5
Short Blades   | 2 4 5 |  5.1
Hexes          | 4 6 |  6.7
Ice Magic      | 1 2 |  2.3
Dodging        | 4 6 7 |  7.3
Transmutations | 2 |  2.1

Action                   |  1- 3 |  4- 6 |  7- 9 || total
-------------------------+-------+-------+-------++-------
Melee: Dagger            |    71 |   153 |    63 ||   287
 Cast: Corona            |     7 |     4 |       ||    11
       Ensorcelled Hiber |    15 |    50 |    23 ||    88
       Confuse           |       |     2 |     7 ||     9
 Stab: Sleeping          |    18 |    44 |    13 ||    75
       Distracted        |       |     1 |       ||     1
       Confused          |       |       |     4 ||     4
  Eat: Ration            |       |     3 |       ||     3
Armor: Robe              |     3 |     5 |       ||     8
Dodge: Dodged            |    56 |   113 |    52 ||   221

Table legend:
 A = Non-vault XP
 B = Vault XP
 C = Vault XP percentage of total XP
 D = Non-vault monster count
 E = Vault monster count
 F = Vault count percentage of total count
                 A         B        C        D         E       F
            +---------+---------+-------+---------+---------+-------
      Total |     841 |    1051 |  55.5 |      88 |      12 |  12.0
            +---------+---------+-------+---------+---------+-------
        D:1 |      37 |       0 |   0.0 |      19 |       0 |   0.0
        D:2 |     119 |     299 |  71.5 |      15 |       3 |  16.7
        D:3 |     117 |      28 |  19.3 |      27 |       7 |  20.6
        D:4 |     195 |     685 |  77.8 |      18 |       1 |   5.3
        D:5 |     373 |      39 |   9.5 |       9 |       1 |  10.0
            +---------+---------+-------+---------+---------+-------
